Map: 环轨星港

Players

狗谐 - Winner!

  • Race: Zerg Zerg
  • League: Diamond

Quail

  • Race: Protoss Protoss
  • League: Platinum

VOD

Have the link to the VOD?

Description

Time

  • Played on: Dec. 3, 2015, 8:51 a.m.
  • Length: 9:26
Show
View Real Time Build Order
Export as new Build Order

狗谐 Zerg - Winner!

Build Orders: Hatch First 

Get SALT Encoding   

  12  0:01  Drone  
  13  0:13  Overlord  
  13  0:17  Drone  
  14  0:32  Drone x2  
  16  0:35  Drone  
  17  0:54  Hatchery  
  17  0:56  Drone  
  17  1:00  Drone  
  18  1:15  Drone, Spawning Pool  
  18  1:19  Drone  
  19  1:29  Drone  
  20  1:42  Hatchery  
  20  1:46  Drone  
  20  2:05  Zergling x2  
  20  2:06  Queen x2  
  25  2:08  Drone  
  25  2:13  Drone  
  27  2:18  Overlord  
  27  2:27  Drone  
  28  2:42  Drone x3  
  28  2:43  Drone, Queen  
  34  2:49  Overlord  
  34  2:56  Drone x2  
  34  2:57  Drone  
  37  3:00  Extractor  
  37  3:05  Extractor  
  35  3:08  Drone x3  
  38  3:15  Drone x3  
  40  3:23  Queen  
  40  3:25  Drone x6  
  46  3:34  Zergling x2  
  46  3:35  Zergling x4  
  49  3:44  Drone  
  49  3:46  Overlord x2  
  50  3:51  Roach Warren  
  49  4:05  Drone  
  49  4:06  Drone x8  
  58  4:23  Overlord  
  56  4:24  Overlord  
  56  4:25  Drone x2  
  56  4:26  Drone x8  
  60  4:34  Extractor x2  
  54  4:50  Drone x6  
  60  4:55  Overlord x2  
  60  5:01  Drone x2  
  62  5:11  Drone  
  62  5:12  Drone x4  
  67  5:15  Lair  
  67  5:16  Metabolic Boost  
  67  5:27  Spore Crawler  
  67  5:28  Spore Crawler, Drone x3  
  67  5:31  Drone x2  
  67  5:33  Spore Crawler  
  69  5:38  Roach  
  69  5:39  Roach x8  
  87  5:50  Extractor  
  87  5:52  Extractor  
  85  6:02  Hatchery  
  85  6:04  Evolution Chamber  
  83  6:05  Evolution Chamber  
  80  6:12  Drone x3  
  81  6:25  Overlord x3  
  81  6:29  Roach  
  81  6:30  Overlord, Roach x3  
  81  6:31  Overlord x2  
  89  6:33  Zerg Missile Weapons Level 1, Zerg Ground Armor Level 1  
  89  6:35  Hydralisk Den  
  89  6:36  Ravager x2  
  90  6:59  Roach x8  
  90  7:00  Roach x9  
  117  7:08  Drone x2  
  117  7:09  Drone  
  117  7:21  Drone x3  
  119  7:30  Queen  
  119  7:33  Muscular Augments  
  121  7:43  Hydralisk x7  
  135  7:56  Drone  
  135  7:57  Drone x6  
  142  8:00  Queen  
  144  8:11  Infestation Pit  
  143  8:16  Overlord x4  
  141  8:26  Ravager x3  
  144  8:27  Ravager x3  
  144  8:28  Overlord x2  
  144  8:29  Overlord  
  144  8:41  Zergling x10  
  145  8:42  Zergling x10  
  147  8:54  Roach x5  
  147  8:55  Roach  
Show
View Real Time Build Order
Export as new Build Order

Quail Protoss 

Build Orders: 1 Gate Expand, Nexus First 

Get SALT Encoding   

  12  0:01  Probe (Chrono Boost)  
  13  0:11  Probe (Chrono Boost)  
  14  0:19  Pylon  
  14  0:23  Probe (Chrono Boost)  
  15  0:37  Probe (Chrono Boost)  
  15  0:38  Gateway  
  16  1:05  Nexus  
  16  1:12  Assimilator  
  16  1:13  Probe (Chrono Boost)  
  17  1:20  Assimilator  
  17  1:30  Cybernetics Core  
  17  1:33  Probe (Chrono Boost)  
  18  1:43  Probe (Chrono Boost)  
  19  1:48  Pylon  
  19  2:01  Probe (Chrono Boost)  
  20  2:11  Probe (Chrono Boost)  
  20  2:14  Adept (Chrono Boost)  
  23  2:16  Gateway  
  23  2:25  Probe (Chrono Boost)  
  23  2:26  Probe (Chrono Boost)  
  25  2:41  Adept (Chrono Boost)  
  25  2:43  Probe x2  
  29  2:55  Probe  
  29  2:56  Probe  
  31  3:01  Robotics Facility  
  31  3:06  Probe  
  31  3:08  Probe  
  35  3:14  Warp Gate  
  35  3:15  Adept (Chrono Boost)  
  35  3:16  Probe  
  35  3:19  Adept (Chrono Boost)  
  36  3:27  Probe x2  
  36  3:37  Probe  
  36  3:39  Probe  
  38  3:43  Adept (Chrono Boost)  
  38  3:45  Adept (Chrono Boost)  
  38  3:48  Probe  
  42  3:50  Pylon  
  42  3:51  Probe  
  44  3:57  Mothership Core  
  46  4:08  Probe  
  46  4:09  Observer  
  48  4:17  Probe  
  48  4:21  Probe  
  50  4:27  Probe  
  50  4:29  Warp Prism  
  53  4:33  Probe  
  54  4:41  Probe  
  51  4:45  Probe  
  51  4:48  Pylon  
  51  4:50  Pylon  
  51  4:52  Probe  
  52  4:59  Gateway  
  53  5:00  Gateway  
  53  5:02  Gateway  
  53  5:06  Immortal  
  61  5:07  Stalker (Chrono Boost)  
  61  5:09  Pylon  
  61  5:11  Stalker (Chrono Boost)  
  61  5:13  Probe  
  61  5:15  Probe  
  61  5:18  Assimilator  
  63  5:24  Assimilator  
  63  5:28  Twilight Council  
  63  5:45  Probe  
  63  5:48  Immortal, Pylon  
  63  5:49  Adept x2  
  72  5:54  Nexus  
  72  5:56  Pylon  
  72  5:58  Pylon  
  72  6:05  Probe  
  72  6:06  Probe  
  72  6:15  Probe, Adept  
  72  6:16  Adept x2  
  76  6:18  Probe  
  76  6:26  Probe  
  76  6:29  Forge  
  76  6:30  Immortal (Chrono Boost), Probe  
  82  6:36  Stalker x3  
  88  6:47  Gateway  
  88  6:49  Probe, Robotics Bay  
  88  6:50  Probe  
  90  7:04  Stalker x2  
  90  7:05  Stalker x2  
  92  7:23  Immortal (Chrono Boost)  
  92  7:24  Probe x2  
  92  7:25  Probe  
  92  7:27  Protoss Ground Weapons Level 1 (Chrono Boost)  
  95  7:34  Probe, Photon Cannon  
  95  7:36  Probe  
  96  7:37  Probe, Photon Cannon  
  96  7:41  Adept  
  96  7:42  Adept  
  102  7:44  Adept  
  102  7:45  Probe  
  105  7:56  Adept, Warp Prism (Chrono Boost)  
  109  8:00  Adept  
  109  8:04  Probe x2  
  109  8:05  Probe  
  113  8:10  Assimilator  
  113  8:11  Pylon  
  114  8:14  Probe  
  114  8:17  Probe  
  116  8:24  Probe  
  116  8:27  Disruptor (Chrono Boost)  
  117  8:32  Pylon  
  120  8:36  Pylon  
  120  8:38  Stalker x2  
  124  8:42  Probe  
  124  8:44  Assimilator  
  124  8:46  Probe  
  124  8:54  Stalker x3  
  124  8:55  Stalker  
  95  9:08  Stalker x2  
Tags
 
Add a new tag
Caveats
  • Supply blocks, unpowered buildings, or Contaminate may cause inaccurate times.
  • Supply counts are checked every 10 seconds.